 Dungeon Crawl Stone Soup version 0.25.1-9-gc5326a611f (webtiles) character file.

Game seed: 11636857716634958958

42280 Revguard the Carver (level 13, -23/101 HPs)
             Began as a Demonspawn Gladiator on Dec 30, 2020.
             Was a High Priest of Makhleb.
             Killed from afar by a fire dragon (29 damage)
             ... with a blast of flame
             ... on level 14 of the Dungeon.
             The game lasted 01:06:28 (17925 turns).

Revguard the Carver (Demonspawn Gladiator)         Turns: 17925, Time: 01:06:29

Health: -23/101    AC: 15    Str: 21    XL:     13   Next: 84%
Magic:  22/22      EV: 17    Int:  9    God:    Makhleb [*****.]
Gold:   772        SH:  5    Dex: 18    Spells: 12/12 levels left

rFire    . . .     SeeInvis .   h - +4 scimitar
rCold    . . .     Gourm    .   (no shield)
rNeg     . . .     Faith    .   a - +0 acid dragon scales
rPois    .         Spirit   .   x - +2 hat
rElec    .         Reflect  +   (no cloak)
rCorr    +         Harm     .   (gloves unavailable)
MR       .....                  C - +2 pair of boots
Stlth    ++++......             l - amulet of reflection
HPRegen  0.26/turn              E - +6 ring of strength
MPRegen  0.18/turn              (no ring)

@: very slightly contaminated
A: beak, claws 3, talons 1, iridescent scales 1, dopey 1, foul stench 1,
nightstalker 1, screaming 1, rot immunity
a: Minor Destruction, Lesser Servant of Makhleb, Major Destruction, Greater
Servant of Makhleb, Renounce Religion


You were on level 14 of the Dungeon.
You worshipped Makhleb.
Makhleb was extremely pleased with you.
You were near starving.

You visited 2 branches of the dungeon, and saw 15 of its levels.
You also visited: Ossuary.

You collected 772 gold pieces.

Inventory:

Hand Weapons
 h - a +4 scimitar (weapon)
Missiles
 d - 3 throwing nets
 e - 38 poisoned darts (quivered)
Armour
 a - +0 acid dragon scales (worn)
 x - a +2 hat (worn)
 A - a +1 helmet of intelligence
 C - a +2 pair of boots (worn)
Jewellery
 l - an amulet of reflection (around neck)
 E - a +6 ring of strength (left claw)
 I - an uncursed amulet of magic regeneration {unknown}
Wands
 j - a wand of flame (28)
 s - a wand of paralysis (18)
 B - a wand of random effects (14)
 F - a wand of polymorph (11)
Scrolls
 b - 13 scrolls of identify
 p - 3 scrolls of fog
 q - 6 scrolls of teleportation
 t - 2 scrolls of amnesia
 v - 3 scrolls of enchant weapon
 y - 2 scrolls of remove curse
 H - a scroll of fear
Potions
 c - 2 potions of brilliance
 g - 4 potions of curing
 i - a potion of magic
 k - 2 potions of cancellation
 m - 4 potions of stabbing
 n - 3 potions of lignification
 o - 2 potions of flight
 r - 2 potions of berserk rage {unknown}
 w - 3 potions of haste
 D - a potion of heal wounds
Miscellaneous
 z - a lightning rod (2/4)
Comestibles
 f - 35 rations


   Skills:
 + Level 9.2 Fighting
 + Level 12.8 Long Blades
 + Level 4.5 Throwing
 + Level 6.9 Armour
 + Level 7.6 Dodging
 + Level 4.2 Stealth
 * Level 12.6 Invocations
 * Level 8.4 Evocations


You had 12 spell levels left.
You didn't know any spells.
Your spell library contained the following spells:

 Spells                   Type           Power        Failure   Level  Hunger
 Animate Skeleton         Necr           N/A          45%         1    ##.....
 Apportation              Tloc           #.....       45%         1    ##.....
 Corona                   Hex            #......      45%         1    ##.....
 Summon Small Mammal      Summ           #...         45%         1    ##.....
 Ensorcelled Hibernation  Hex/Ice        #.....       58%         2    ###....
 Slow                     Hex            #.......     58%         2    ###....
 Confusing Touch          Hex            #.......     83%         3    ####...
 Dazzling Flash           Conj/Hex       #.....       83%         3    ####...
 Inner Flame              Hex/Fire       #.......     83%         3    ####...
 Portal Projectile        Hex/Tloc       #.....       83%         3    ####...
 Tukima's Dance           Hex            #.......     83%         3    ####...
 Cause Fear               Hex            #.........   99%         4    #####..
 Leda's Liquefaction      Hex/Erth       #.........   99%         4    #####..


Dungeon Overview and Level Annotations

Branches:
Dungeon (14/15)            Temple (1/1) D:4            Lair (0/6) D:8
    Orc (0/2) D:10        Ossuary (visited)
 Vaults: D:13-14

Altars:
Ashenzari
Cheibriados
Dithmenos
Elyvilon
Fedhas
Gozag
Hepliaklqana
Kikubaaqudgha
Makhleb
Nemelex Xobeh
Okawaru
Qazlal
Ru
Sif Muna
Trog
Uskayaw
Vehumet
Wu Jian
Xom
Yredelemnul
Zin
The Shining One

Shops:
D:11 *   D:13 *=


Innate Abilities, Weirdness & Mutations

You have claws for hands.
You are partially covered in iridescent scales. (AC +2)
You may emit foul miasma when damaged in melee.
You are slightly more attuned to the shadows.
You are immune to rotting.
You have a beak for a mouth.
You have sharp toenails.
You are dopey. (Int -2)
You occasionally shout uncontrollably at your foes.


Message History

You hear the faint crackling of a very distant melting archway.
Press: ? - help, Shift-Dir - straight line, f/p - fire dragon
Aim: a fire dragon (severely wounded, catching its breath, sick)
The glob of acid hits the fire dragon.
The fire dragon is splashed with acid.
The acid corrodes the fire dragon!
The fire dragon is almost dead.
The fire dragon is splashed with acid!
You block the fire dragon's attack. The fire dragon claws you.
* * * LOW HITPOINT WARNING * * *
The fire dragon completely misses you.
Okay, then.
Evoke which item? (* to show all) (? for menu, Esc to quit)
Okay, then.
Press: ? - help, Shift-Dir - straight line, f/p - fire dragon
Aim: a fire dragon (almost dead, catching its breath, covered in acid, sick)
The bolt of fire hits the fire dragon.
The fire dragon resists.
The fire dragon is almost dead.
The fire dragon breathes flames at you. The blast of flame hits you!!
You die...

##.>...## ##.......##
##.....(...## ##...........## ***
*#.....°...(((.## ,,*
**......†..(<....## ,,*
**,.......)()≈≈....## ,,*
**,,.....%D).)≈≈.....## ,,*
**≈≈≈......@.)≈≈≈......##
,,****,≈≈≈...................##
,,,,,,,≈≈≈....................##
,***,,,,,,.....................##
,**,,,,,,,....≈...............≈≈≈
,*,,,,,,,,...≈≈≈..............≈≈≈
,,,,,,,,,,....≈...............≈≈≈
,,,,,,,,,,,,,,,,,,,,,,..≈........
,,,,,,,,,^,,,,,,,,,,,,,≈≈≈.......


You could see a fire dragon (catching breath, corroded, sick).

Vanquished Creatures
  A sphinx (D:11)
  Josephine (D:10)
  The ghost of Tiunweta the Cleaver, a journeyman DsBe of Trog (D:12)
  2 centaur warriors
  9 two-headed ogres
  The ghost of icedog the Magician, a novice GnSk of Nemelex Xobeh (D:8)
  3 death yaks (D:8)
  2 tengu warriors (D:13)
  An ogre mage (D:13)
  2 unseen horrors
  Pikel (D:6)
  4 deep elf magi
  The ghost of lasso the Archer, a novice CeHu of Qazlal (D:6)
  A wolf spider zombie (D:12)
  2 manticores
  An ugly thing (D:13)
  A cyclops (D:13)
  2 centaur zombies
  A tengu conjurer (D:10)
  The ghost of H0rd4k the Thaumaturge, a novice DEWz of Gozag (D:6)
  2 hornets (D:9)
  8 hippogriffs
  A meliai zombie (D:13)
  5 wyverns
  Sigmund (D:5)
  4 wraiths
  6 hogs (D:13)
  20 yaks
  5 hungry ghosts
  2 acid dragons (D:11)
  A soldier ant (D:9)
  A water moccasin (D:7)
  A hornet zombie (D:10)
  19 orc warriors
  8 sky beasts
  A slave (D:6)
  2 phantoms
  An eye of draining (D:11)
  4 ice beasts
  A necrophage (D:10)
  2 black bears
  9 ogres
  17 centaurs
  A big kobold (D:14)
  6 bullfrogs
  3 water moccasin zombies
  2 scorpions
  2 wyvern skeletons
  3 killer bees (D:11)
  5 howler monkeys
  6 jellies
  6 crimson imps
  10 hounds
  3 quasits
  A bullfrog zombie (D:12)
  4 bullfrog skeletons
  15 orc priests
  21 orc wizards
  Jessica (D:3)
  6 centaur skeletons
  5 iguanas
  14 worker ants
  A killer bee zombie (D:7)
  3 big kobold zombies (Ossuary)
  A hound zombie (D:5)
  2 hound skeletons
  2 mummies (Ossuary)
  A worker ant zombie (D:5)
  16 adders
  3 shadow imps
  3 adder skeletons
  4 adder zombies
  4 worms
  4 dart slugs
  8 leopard geckos
  78 orcs
  4 ball pythons
  3 giant cockroaches
  4 gnoll zombies (Ossuary)
  8 goblins
  14 hobgoblins
  7 jackals
  14 kobolds
  4 quokkas
  9 bats
  10 frilled lizards
  A giant cockroach zombie (D:5)
  A goblin skeleton (D:5)
  2 goblin zombies (D:5)
  8 hobgoblin zombies
  A kobold skeleton (D:5)
  3 kobold zombies (Ossuary)
  A leopard gecko skeleton (D:5)
  An orc skeleton (D:5)
  6 orc zombies
  A quokka skeleton (D:6)
  A quokka zombie (D:5)
  8 rats
514 creatures vanquished.

Vanquished Creatures (collateral kills)
  A storm dragon (D:11)
  A yaktaur captain (D:11)
  A hydra (D:11)
  A catoblepas (D:13)
  The ghost of grovkorv the Fighter, a novice DrBe of Trog (D:8)
  A kobold demonologist (D:11)
  2 centaur skeletons (D:11)
  A wraith (D:10)
  An ice beast (D:11)
  2 bullfrogs (D:11)
  2 killer bees (D:11)
  A worker ant (D:11)
  A worker ant zombie (D:11)
  An orc (D:11)
17 creatures vanquished.

Vanquished Creatures (others)
  A tengu conjurer (D:10)
  A hound (D:6)
  A hobgoblin (D:2)
  A withered plant (D:6)
4 creatures vanquished.

Grand Total: 535 creatures vanquished

Notes
Turn   | Place    | Note
-------+----------+-------------------------------------------
     0 | D:1      | Revguard the Demonspawn Gladiator began the quest for the
                  | Orb.
     0 | D:1      | Reached XP level 1. HP: 16/16 MP: 1/1
    73 | D:1      | Gained mutation: You are immune to rotting. [demonic
                  | ancestry]
    73 | D:1      | Reached XP level 2. HP: 16/22 MP: 2/2
   512 | D:1      | Gained mutation: You have sharp fingernails. [demonic
                  | ancestry]
   512 | D:1      | Reached XP level 3. HP: 15/27 MP: 3/3
   893 | D:1      | Gained mutation: You have a pair of small antennae on your
                  | head. [potion of mutation]
   893 | D:1      | Gained mutation: You possess an exceptional clarity of
                  | mind. [potion of mutation]
  1206 | D:2      | Gained mutation: You have very sharp fingernails. [demonic
                  | ancestry]
  1206 | D:2      | Reached XP level 4. HP: 28/33 MP: 4/4
  1303 | D:2      | Found a shimmering blue altar of Sif Muna.
  1765 | D:3      | Noticed Jessica
  1775 | D:3      | Killed Jessica
  1777 | D:3      | Reached skill level 1 in Armour
  1777 | D:3      | Gained mutation: You may emit foul miasma when damaged in
                  | melee. [demonic ancestry]
  1777 | D:3      | Reached XP level 5. HP: 26/39 MP: 5/5
  2311 | D:3      | Found an ornate altar of the Wu Jian Council.
  2658 | D:4      | Found a sparkling altar of Nemelex Xobeh.
  2675 | D:4      | Found a sand-covered staircase.
  2691 | Ossuary  | Entered an ossuary
  2710 | Ossuary  | Reached XP level 6. HP: 46/46 MP: 6/6
  2863 | Ossuary  | Reached skill level 5 in Long Blades
  2931 | Ossuary  | Lost mutation: You have a pair of small antennae on your
                  | head. [potion of mutation]
  2931 | Ossuary  | Lost mutation: You possess an exceptional clarity of mind.
                  | [potion of mutation]
  2931 | Ossuary  | Gained mutation: You are dopey. (Int -2) [potion of
                  | mutation]
  2931 | Ossuary  | Gained mutation: You occasionally shout uncontrollably at
                  | your foes. [potion of mutation]
  2931 | Ossuary  | Gained mutation: You have a beak for a mouth. [potion of
                  | mutation]
  2931 | Ossuary  | Gained mutation: You have sharp toenails. [potion of
                  | mutation]
  3045 | D:4      | Found a shattered altar of Ashenzari.
  3064 | D:4      | Became a worshipper of Ashenzari the Shackled
  3123 | D:4      | Noticed a hippogriff
  3140 | D:4      | Killed a hippogriff
  3140 | D:4      | Reached XP level 7. HP: 28/52 MP: 7/7
  3394 | D:4      | Found a staircase to the Ecumenical Temple.
  3413 | Temple   | Entered the Ecumenical Temple
  3506 | Temple   | Fell from the grace of Ashenzari
  3506 | Temple   | Became a worshipper of Makhleb the Destroyer
  3536 | D:4      | Found a basalt altar of Yredelemnul.
  4443 | D:5      | Entered Level 5 of the Dungeon
  4496 | D:5      | Noticed Sigmund
  4511 | D:5      | Killed Sigmund
  4511 | D:5      | Reached skill level 1 in Invocations
  4511 | D:5      | Gained mutation: You are partially covered in iridescent
                  | scales. (AC +2) [demonic ancestry]
  4511 | D:5      | Reached XP level 8. HP: 35/58 MP: 7/9
  5082 | D:5      | Reached * piety under Makhleb
  5101 | D:5      | Found a white marble altar of Elyvilon.
  5361 | D:5      | Found a glowing golden altar of the Shining One.
  5389 | D:5      | Reached skill level 1 in Evocations
  6063 | D:6      | Was forgiven by Ashenzari
  6102 | D:6      | Noticed Pikel
  6117 | D:6      | Killed Pikel
  6117 | D:6      | Gained mutation: You have claws for hands. [demonic
                  | ancestry]
  6117 | D:6      | Reached XP level 9. HP: 62/65 MP: 10/12
  6161 | D:6      | Found a radiant altar of Vehumet.
  6182 | D:6      | Found a runed translucent gate.
  6182 | D:6      | Found a runed translucent gate.
  6182 | D:6      | Found a runed translucent gate.
  6182 | D:6      | Noticed H0rd4k's ghost (novice DEWz)
  6183 | D:6      | Noticed lasso's ghost (novice CeHu)
  6249 | D:6      | Killed lasso's ghost
  6249 | D:6      | Reached ** piety under Makhleb
  6282 | D:6      | Killed H0rd4k's ghost
  6419 | D:6      | Reached skill level 5 in Invocations
  6848 | D:6      | Reached skill level 5 in Fighting
  6863 | D:6      | Reached skill level 5 in Armour
  7525 | D:7      | Reached skill level 5 in Dodging
  7535 | D:7      | Found a stormy altar of Qazlal.
  7545 | D:7      | Reached skill level 1 in Stealth
  7966 | D:7      | Found a blossoming altar of Fedhas.
  7991 | D:7      | Reached XP level 10. HP: 74/74 MP: 14/14
  8026 | D:7      | Found a sacrificial altar of Ru.
  8238 | D:8      | Noticed a death yak
  8239 | D:8      | Noticed a death yak
  8259 | D:8      | Killed a death yak
  8261 | D:8      | Killed a death yak
  8277 | D:8      | Noticed a death yak
  8278 | D:8      | Found a staircase to the Lair.
  8329 | D:8      | Killed a death yak
  8359 | D:8      | Reached *** piety under Makhleb
  9011 | D:8      | You fall into a shaft and drop 3 floors!
  9012 | D:11     | Noticed a manticore
  9022 | D:11     | Killed a manticore
  9022 | D:11     | Reached XP level 11. HP: 83/83 MP: 16/16
  9045 | D:11     | Noticed a yaktaur captain
  9049 | D:11     | Noticed a storm dragon
  9312 | D:11     | Killed an unseen horror
  9712 | D:11     | Killed a storm dragon
  9874 | D:11     | Reached skill level 10 in Long Blades
 10003 | D:11     | Paralysed by a kobold demonologist for 4 turns
 10015 | D:11     | Paralysed by a kobold demonologist for 6 turns
 10327 | D:11     | Found Uteggeur's General Store.
 10803 | D:11     | Noticed a sphinx
 10823 | D:11     | Killed a sphinx
 10823 | D:11     | Reached skill level 5 in Evocations
 11151 | D:11     | Noticed an eight-headed hydra
 11165 | D:11     | Killed an eight-headed hydra
 11251 | D:11     | Killed a yaktaur captain
 11772 | D:10     | Entered Level 10 of the Dungeon
 11795 | D:10     | Gained mutation: You are slightly more attuned to the
                  | shadows. [demonic ancestry]
 11795 | D:10     | Reached XP level 12. HP: 91/91 MP: 19/19
 11979 | D:10     | Reached **** piety under Makhleb
 11980 | D:10     | Noticed a two-headed ogre
 11989 | D:10     | Killed a two-headed ogre
 11989 | D:10     | Reached skill level 10 in Invocations
 12442 | D:10     | Noticed Josephine
 12443 | D:10     | Found a staircase to the Orcish Mines.
 12458 | D:10     | Killed Josephine
 12799 | D:9      | Paralysed by a hornet for 3 turns
 13191 | D:9      | Found a hide-covered altar of Uskayaw.
 13379 | D:9      | Found a stormy altar of Qazlal.
 13999 | D:8      | Noticed a two-headed ogre
 14008 | D:8      | Killed a two-headed ogre
 14093 | D:8      | Found a bloodstained altar of Trog.
 14187 | D:8      | Found a runed translucent gate.
 14187 | D:8      | Found a runed translucent gate.
 14187 | D:8      | Found a runed translucent gate.
 14191 | D:8      | Noticed grovkorv's ghost (novice DrBe)
 14191 | D:8      | Noticed icedog's ghost (novice GnSk)
 14418 | D:8      | Killed icedog's ghost
 14423 | D:8      | Killed grovkorv's ghost
 14691 | D:11     | Identified the +10 morningstar of Wupy {flame, rElec rPois
                  | rN+ Str+4 Int-5}
 14890 | D:12     | Noticed a two-headed ogre
 14904 | D:12     | Killed a two-headed ogre
 15288 | D:12     | Found a burning altar of Makhleb.
 15450 | D:12     | Noticed Tiunweta's ghost (journeyman DsBe)
 15462 | D:12     | Found a runed translucent door.
 15788 | D:12     | Killed Tiunweta's ghost
 15788 | D:12     | Reached XP level 13. HP: 21/99 MP: 21/21
 16237 | D:13     | Reached ***** piety under Makhleb
 16771 | D:13     | Found Zickall's Jewellery Emporium.
 17780 | D:13     | Found Manequy's Island Escapes.
 17893 | D:14     | Noticed a fire dragon
 17916 | D:14     | HP: 2/101 [fire dragon/blast of flame (23)]
 17925 | D:14     | Killed from afar by a fire dragon

Illustrated notes

Levels and vault maps discovered:
D:1:      doesnt_arrival_eight_statues, layout_rooms, minmay_misc_feat_iff,
          supply_closet_lemuel, hangedman_feature_mirror
D:2:      layout_rooms, lemuel_doored_altar, first_ration
D:3:      layout_rooms, nicolae_overflow_hidden_temple, uniq_jessica
D:4:      layout_loops_ring, lemuel_round_altar, old_standard_altar,
          minmay_temple_entry_offerings, nicolae_ossuary_entry_false_entrances,
          nemelex_diamond_rough_becter
D:5:      layout_basic, elyvilon_altar_5, nicolae_tso_besieged_by_evil,
          chequers_serial_rivers_micro_d, minmay_lizard_king, uniq_sigmund
D:6:      minmay_octagon_keep, layout_basic, fiery_altar_vehumet,
          gammafunk_ghost_cemetery, uniq_pikel
D:7:      layout_layer_cave, lemuel_coloured_pillars_altar, grunt_qazlal_clouds,
          fedhas_bush_and_centaur_altar, corexii_hall_statues_deadend
D:8:      layout_loops_corners, lemuel_crystal_altar, dpeg_lair_monsters,
          gammafunk_ghost_cemetery
D:9:      layout_cave_pools, lemuel_round_altar, hangedman_pestilent_swarm,
          lemuel_altar_in_water2
D:10:     layout_rooms, orc_0_dummy, nicolae_wwwww, minmay_fractal_squares_5,
          uniq_josephine
D:11:     minmay_complete_graph, layout_long_grid, serial_shops,
          kennysheep_little_box, gauntlet_entry_generic, nicolae_two_hexagons,
          chequers_serial_rivers_small_3
D:12:     layout_roguey, basic_altar, hellmonk_ghost_happy_afterlife
D:13:     layout_roguey [special_room_orc], serial_shops, shop, st_stairs_1,
          nicolae_island_escapes, uniq_kirke
D:14:     layout_big_octagon, minmay_misc_feat_chi,
          portal_ice_cave_entry_pillars_2, serial_shops, shop
Temple:   eino_temple_lava

Skill      XL: |  1  2  3  4  5  6  7  8  9 10 11 12 13 |
---------------+----------------------------------------+-----
Long Blades    | 3 4 5 6 7 8 9 10 11 12 | 12.8
Throwing       | 2 3 4 |  4.5
Dodging        | 3 4 5 6 7 |  7.6
Armour         | 1 2 3 4 5 6 |  6.9
Fighting       | 3 4 5 6 7 8 9 |  9.2
Invocations    | 1 4 5 7 9 11 12 | 12.6
Evocations     | 2 4 5 7 8 |  8.4
Stealth        | 1 2 3 4 |  4.2

Action                   |  1- 3 |  4- 6 |  7- 9 | 10-12 | 13-15 || total
-------------------------+-------+-------+-------+-------+-------++-------
Melee: Long sword        |   107 |   246 |   362 |       |       ||   715
       Peck              |       |     4 |   135 |   224 |    77 ||   440
       Scimitar          |       |       |   109 |   776 |   211 ||  1096
Throw: Dart              |    24 |    40 |    62 |     4 |       ||   130
Invok: Minor Destruction |       |       |       |    22 |     6 ||    28
       Lesser Servant of |       |       |       |    16 |     3 ||    19
       Major Destruction |       |       |       |     3 |     2 ||     5
Evoke: Wand              |       |       |     1 |     6 |     8 ||    15
       Lightning rod     |       |       |       |       |     6 ||     6
  Use: Scroll            |     2 |     7 |     3 |     3 |     3 ||    18
       Potion            |     5 |     7 |     5 |    11 |     3 ||    31
 Stab: Sleeping          |       |       |       |     7 |     2 ||     9
       Distracted        |       |       |       |     4 |     3 ||     7
       Confused          |       |       |       |     3 |       ||     3
  Eat: Chunk             |     1 |     7 |    15 |    26 |     7 ||    56
       Ration            |       |       |       |     3 |       ||     3
Armor: Leather armour    |     5 |       |       |       |       ||     5
       Ring mail         |    43 |    89 |   180 |   141 |       ||   453
       Skin              |       |       |       |    35 |       ||    35
       Acid dragon scale |       |       |       |   218 |    84 ||   302
Dodge: Dodged            |   101 |   146 |   266 |   541 |   209 ||  1263
Block: Other             |    19 |    62 |    80 |   174 |    65 ||   400
       Reflection        |     2 |     4 |     2 |    10 |     6 ||    24
       Rpst.: Long sword |    36 |    34 |    73 |       |       ||   143
       Scimitar          |       |       |    19 |   159 |    56 ||   234
